AoeStats
← Iardos

Arena

520528362Analyzed
2v2 RM · 23h ago on Nov 12, 2026· 63m 37s· 4 players
Game mode
Random Map
Map size
Medium (4 player)
Population
200
Speed
Normal
Resources
Standard
Victory
Conquest
Starting age
Dark Age
Ending age
Imperial Age
RankedLock teamsTeams togetherTeam positionsShared explorationLock speedFull tech treeHidden civsTurbo modeCheats
Victory
Defeat
🇲🇽 Varangians · Mexico
1221
+14
🇺🇾 Chinese · Uruguay
1193
+15
vs
🇨🇴 Khmer · Colombia
1243
-16
🇨🇴 Italians · Colombia
1118
-13
Iardos
9:46 Feudal Age
12:54 Castle Age
11:39 Stone Mining
11:46 Double-Bit Axe
13:37 Loom
14:59 Horse Collar
26:24 Bloodlines
26:41 Bow Saw
26:04 Light Cavalry
30:12 Wheelbarrow
31:20 Heavy Plow
36:13 Ballistics
36:29 Hand Cart
41:12 Gold Mining
44:30 Imperial Age
42:40 Stone Mining
43:28 Gold Shaft Mining
44:16 Husbandry
46:14 Double Crossbow
48:37 Conscription
48:30 Cavalier
51:28 Crop Rotation
51:23 Heavy Scorpion
53:08 Chemistry
57:28 Forging
57:23 Scale Barding Armor
58:43 Iron Casting
58:00 Fletching
Ragnar
10:25 Feudal Age
9:36 Loom
14:35 Castle Age
16:51 Double-Bit Axe
20:22 Fletching
24:36 Stone Mining
31:51 Bloodlines
38:28 Crossbowman
44:31 Thumb Ring
45:56 Light Cavalry
46:51 Bloodlines
50:49 Husbandry
53:17 Gold Mining
54:32 Bodkin Arrow
54:38 Padded Archer Armor
56:55 Forging
56:52 Scale Barding Armor
57:02 Leather Archer Armor
57:10 Ballistics
[Zelda] prosao24
10:49 Feudal Age
14:28 Castle Age
12:32 Double-Bit Axe
14:51 Fletching
18:19 Loom
44:50 Imperial Age
44:03 Gold Mining
44:29 Horse Collar
45:08 Bloodlines
44:58 Husbandry
45:05 Scale Barding Armor
45:11 Forging
45:22 Cavalier
48:55 Wheelbarrow
50:06 Chain Barding Armor
50:48 Hand Cart
53:12 Plate Barding Armor
53:08 Stone Mining
57:52 Iron Casting
57:13 Bodkin Arrow
62:27 Blast Furnace
61:38 Bracer
SantooKhan
11:21 Feudal Age
12:45 Loom
17:17 Castle Age
15:52 Forging
15:43 Scale Mail Armor
15:58 Double-Bit Axe
17:54 Arson
18:13 Squires
27:27 Pikeman
31:31 Scale Mail Armor
36:26 Wheelbarrow
38:56 Hand Cart
38:27 Town Watch
46:59 Bow Saw
46:31 Horse Collar
50:15 Imperial Age
48:17 Heavy Plow
49:36 Gold Mining
49:37 Stone Mining
50:16 Heavy Rocket Cart
50:56 Halberdier
52:14 Iron Casting
52:01 Chain Mail Armor
51:50 Town Patrol
53:13 Gold Shaft Mining
53:40 Two-Man Saw
53:55 Blast Furnace
53:27 Plate Mail Armor
Connection lost

Rejoining the realm…

Still unreachable

The connection could not be restored.

Session expired

The server has moved on; the page needs a fresh start.